 Dungeon Crawl Stone Soup version 0.30-a0-782-ge64f9170bb (webtiles) character file.

Game seed: 13113017028098172796

130 funkygono the Trooper (level 4, 0/41 HPs)
             Began as a Minotaur Fighter on Mar 7, 2023.
             Slain by Grinder (1 damage)
             ... while paralysed by Grinder
             ... on level 3 of the Dungeon.
             The game lasted 00:03:33 (2412 turns).

funkygono the Trooper (Minotaur Fighter)            Turns: 2412, Time: 00:03:33

Health: 0/41       AC:  8    Str: 22    XL:     4   Next: 89%
Magic:  12/12      EV:  2    Int:  5    God:
Gold:   144        SH:  0    Dex: 10    Spells: 3/3 levels left

rFire   . . .      SeeInvis .    a - +0 long sword
rCold   . . .      Faith    .    c - +0 buckler
rNeg    . . .      Spirit   .    b - +0 scale mail
rPois   +          Reflect  .    (helmet restricted)
rElec   .          Harm     .    s - +0 cloak
rCorr   .          Rampage  .    (no gloves)
Will    .....                    (no boots) Stlth
                                 (no amulet)
HPRegen 0.26/turn                j - ring of magical power
MPRegen 0.13/turn                k - ring of poison resistance

@: paralysed
A: horns 2, retaliatory headbutt
a: no special abilities


You were on level 3 of the Dungeon.
You visited 1 branch of the dungeon, and saw 3 of its levels.

You collected 144 gold pieces.

Inventory:

Hand Weapons
 a - a +0 long sword (weapon)
 o - a +2 whip of electrocution
 r - a +4 quarterstaff of chaos
Missiles
 i - 4 boomerangs (quivered)
 l - 2 poisoned darts
Armour
 b - a +0 scale mail (worn)
 c - a +0 buckler (worn)
 s - a +0 cloak (worn)
Jewellery
 j - a ring of magical power (left hand)
 k - a ring of poison resistance (right hand)
Scrolls
 e - 7 scrolls of identify {unknown}
 f - 2 scrolls of enchant armour {unknown}
 g - 3 scrolls of teleportation {unknown}
 h - a scroll of fear {unknown}
 p - 2 scrolls of summoning {unknown}
 q - a scroll of amnesia {unknown}
Potions
 d - 2 potions of might
 m - a potion of curing {unknown}
 n - 2 potions of berserk rage {unknown}
 t - a potion of degeneration {unknown}


   Skills:
 + Level 4.4 Fighting
 + Level 4.0 Long Blades
 + Level 0.9 Throwing
 + Level 4.4 Armour
 + Level 0.1 Dodging
 + Level 4.4 Shields


You had 3 spell levels left.
You didn't know any spells.
Your spell library contained the following spells:

 Spells                   Type           Power      Damage    Failure   Level
 Call Canine Familiar     Summ           0%         N/A       99%         3
 Portal Projectile        Hex/Tloc       0%         N/A       99%         3
 Summon Guardian Golem    Hex/Summ       0%         N/A       99%         3
 Leda's Liquefaction      Hex/Erth       0%         N/A       100%        4
 Orb of Destruction       Conj           0%         9d5       100%        7
 Spellforged Servitor     Conj/Summ      0%         N/A       100%        7


Dungeon Overview and Level Annotations

Branches:
Dungeon (3/15)

Altars:
Uskayaw

Annotations:
D:3 Grinder


Innate Abilities, Weirdness & Mutations

You have a pair of horns on your head.
You reflexively headbutt those who attack you in melee.


Message History

The goblin is severely wounded.
The goblin hits you with a +0 club.
You slash the goblin!
You kill the goblin!
You see here a +0 club.
HP restored.
Found a robe.
You now have 125 gold pieces (gained 12).
You now have 136 gold pieces (gained 11).
You now have 144 gold pieces (gained 8).
Found a robe and 3 stones.
Grinder comes into view.
Grinder shouts!
Grinder is nearby!
Grinder gestures at you. Pain shoots through your body!
Grinder says, "My boss said I was rubbish.
His entrails said otherwise."
Grinder gestures at you. Pain shoots through your body!
You barely miss Grinder. Grinder misses you.
You hit Grinder.
Grinder is lightly wounded.
Grinder hits you but does no damage. Grinder hits you!
* * * LOW HITPOINT WARNING * * *
You writhe in agony.
* * * LOW HITPOINT WARNING * * *
You slash Grinder!
Grinder is moderately wounded.
Grinder closely misses you. You furiously retaliate!
You headbutt Grinder! You closely miss Grinder. Your headbutt misses Grinder.
Grinder is severely wounded.
You block Grinder's attack.
You hit Grinder. You headbutt Grinder.
Grinder is almost dead.
Grinder gestures at you.
You suddenly lose the ability to move!
Grinder hits you.
* * * LOW HITPOINT WARNING * * *
You writhe in agony.
You die...

#.[.#######.#.#... #...#
#.#.##..
###...#######.#.##.#
#.............#.##.#
#.#.............##.#
#.###.############.#
#.##.............#.#
#####..............#.#.#
#......@#######.........
#.......5.#......#.#.#.#
#.......#.#.<......#.#.#
###+###...#.##..####.#.#
#.###..........#.# #.#
#.....######.# #.#
##.#.## #.# #.# #.#...
#.# #.####.. #


You could see Grinder.

Vanquished Creatures
  An orc priest (D:2)
  Crazy Yiuf (D:2)
  Robin (D:2)
  An adder (D:2)
  5 orcs (D:2)
  2 ball pythons
  3 endoplasms
  13 goblins
  2 hobgoblins
  2 jackals (D:1)
  A quokka (D:2)
  A bat (D:1)
  A frilled lizard (D:1)
  8 kobolds
  4 rats
46 creatures vanquished.

Notes
Turn   | Place    | Note
-------+----------+-------------------------------------------
     0 | D:1      | funkygono the Minotaur Fighter began the quest for the Orb.
     0 | D:1      | Reached XP level 1. HP: 19/19 MP: 0/0
   211 | D:1      | Reached XP level 2. HP: 27/27 MP: 1/1
   649 | D:1      | Found a faded altar of an unknown god.
  1261 | D:2      | HP: 1/27 [orc priest/+0 flail (1)]
  1263 | D:2      | Reached XP level 3. HP: 2/34 MP: 2/2
  1499 | D:2      | Found a hide-covered altar of Uskayaw.
  1510 | D:2      | Identified the +3 war axe of Bofonom {drain, SInv}
  1568 | D:2      | Reached XP level 4. HP: 36/41 MP: 3/3
  1629 | D:2      | Noticed Robin
  1657 | D:2      | Killed Robin
  1920 | D:2      | Found a runed translucent door.
  1921 | D:2      | Noticed Crazy Yiuf
  2141 | D:2      | Killed Crazy Yiuf
  2403 | D:3      | Noticed Grinder
  2411 | D:3      | Paralysed by Grinder for 4 turns
  2412 | D:3      | HP: 1/41 [Grinder (6)]
  2412 | D:3      | Slain by Grinder

Illustrated notes

Levels and vault maps discovered:
D:1:      matt_arrival_refuge, layout_basic, ebering_ecumenical_altar_hall
D:2:      cheibrodos_pilgrimage, layout_loops_ring, basic_altar,
          hangedman_decor_slide_cut, uniq_robin, uniq_crazy_yiuf_cottage
D:3:      layout_basic, uniq_grinder

Skill      XL: |  1  2  3  4 |
---------------+-------------+-----
Fighting       | 4 |  4.4
Long Blades    | 3 4 |  4.0
Armour         | 4 |  4.4
Shields        | 4 |  4.4
Throwing       | |  0.9
Dodging        | |  0.1

Action                     |  1- 3 |  4- 6 || total
---------------------------+-------+-------++-------
  Melee: Long sword        |    83 |    46 ||   129
         Headbutt          |    10 |     6 ||    16
  Throw: Boomerang         |     6 |    14 ||    20
 Armour: Scale mail        |    41 |    14 ||    55
  Dodge: Dodged            |    40 |    21 ||    61
  Block: Buckler           |    15 |    16 ||    31

Table legend: (Time is in decaauts)
 A = Elapsed time spent in this place.
 B = Non-inter-level travel time spent in this place.
 C = Inter-level travel time spent in this place.
 D = Time resting spent in this place.
 E = Time spent auto-exploring this place.
 F = Levels seen in this place.
 G = Mean time per level.
                   A        B        C        D        E       F      G
               +--------+--------+--------+--------+--------+-----+--------+
         Total |   2453 |   2275 |    178 |    130 |   1706 |   3 |  817.7 |
       Dungeon |   2453 |   2275 |    178 |    130 |   1706 |   3 |  817.7 |
               +--------+--------+--------+--------+--------+-----+--------+

Top non-repeatable levels by time:
     D:2: 1140 daAuts
     D:1: 1126 daAuts
     D:3: 185 daAuts
